 Dungeon Crawl Stone Soup version 0.30.1-9-gdf580d7c3d (webtiles) character file.

Game seed: 14323276907154389808

41 fireball365 the Trooper (level 3, -1/33 HPs)
             Began as a Hill Orc Fighter on Oct 14, 2023.
             Killed from afar by Dowan (6 damage)
             ... with a puff of frost
             ... on level 4 of the Dungeon.
             The game lasted 00:02:29 (721 turns).

fireball365 the Trooper (Hill Orc Fighter)           Turns: 721, Time: 00:02:36

Health: -1/33      AC: 10    Str: 20    XL:     3   Next: 52%
Magic:  3/3        EV:  9    Int:  8    God:
Gold:   55         SH:  4    Dex: 10    Spells: 2/2 levels left

rFire   . . .        a - +0 war axe
rCold   . . .        c - +0 buckler
rNeg    . . .        f - +3 scale mail
rPois   .            (no helmet)
rElec   .            (no cloak)
rCorr   .            (no gloves)
SInv    .            (no boots)
Will    .....        (no amulet) Stlth
                     (no ring)
HPRegen 0.25/turn    (no ring)
MPRegen 0.08/turn

%: no passive effects
@: lit by a corona, about to teleport, glowing
A: no striking features
a: no special abilities


You were on level 4 of the Dungeon.
You visited 1 branch of the dungeon, and saw 3 of its levels.

You collected 55 gold pieces.

Inventory:

Hand Weapons
 a - a +0 war axe (weapon)
Armour
 b - a +0 scale mail
 c - a +0 buckler (worn)
 f - a +3 scale mail (worn)
 m - a +0 chain mail
Scrolls
 e - a scroll of noise
 g - a scroll of magic mapping {unknown}
 h - a scroll of identify {unknown}
 i - a scroll of amnesia {unknown}
 k - a scroll of teleportation
 l - a scroll of enchant armour {unknown}
Potions
 d - a potion of might
 j - a potion of cancellation {unknown}
 n - a potion of curing {unknown}


   Skills:
 + Level 4.0 Fighting
 + Level 3.6 Axes
 + Level 3.8 Armour
 + Level 3.6 Shields


You had 2 spell levels left.
You didn't know any spells.
Your spell library was empty.

Dungeon Overview and Level Annotations

Branches:
Dungeon (2/15)

Altars:

Shops:
D:1 (

Annotations:
D:4 3 runed translucent doors, BadtimePacifist's ghost, amateur MiGl; Dowan; Duvessa


Message History

The hound barks!
You hit Duvessa but do no damage.
You hear a shout!
You hit Duvessa but do no damage. You hit Dowan.
Dowan gestures at you while chanting.
You are outlined in light.
Duvessa barely misses you.
You hit Duvessa.
Duvessa is lightly wounded.
You hit Dowan. Dowan hits you but does no damage.
Duvessa hits you with a +0 short sword. Dowan hits you but does no damage.
Duvessa hits you with a +0 short sword.
You hit Duvessa but do no damage.
Duvessa is lightly wounded.
You barely miss Dowan. Duvessa closely misses you. You block Dowan's attack.
The hound closely misses you.
You hit Duvessa but do no damage.
Duvessa is lightly wounded.
You hit Dowan. You closely miss the hound. The hound bites you.
Dowan barely misses you. Duvessa hits you with a +0 short sword!
The hound barely misses you.
You slash Duvessa!
Duvessa is heavily wounded.
You hit Dowan but do no damage. You miss the hound. The hound bites you.
Dowan hits you but does no damage. Duvessa hits you with a +0 short sword.
The hound barely misses you. Duvessa hits you but does no damage.
Dowan hits you with a +0 dagger.
* * * LOW HITPOINT WARNING * * *
Dowan attacks as you move away! Dowan hits you but does no damage.
The hound pauses to sniff the ground.
The hound barely misses you.
Dowan casts a spell.
Dowan blinks!
As you read the scroll labelled OJAV XOWKOOMI, it crumbles to dust.
You feel strangely unstable.
It was a scroll of teleportation.
The hound bites you but does no damage. The hound bites you.
* * * LOW HITPOINT WARNING * * *
Duvessa hits you but does no damage.
Dowan points at you and mumbles some strange words.
The puff of frost hits you.
You die...

....... ........
.......$### ........#.#
##.# #......... .....
....##...#.....
....$....##..#
.......h@##.##
#......e)#...## .
........e.....## ...
#..............##...
.)...........>......
....................
(..............#... .#
...............#.##..#
####...........#..#..+.


You could see Duvessa, Dowan and a hound.

Vanquished Creatures
  2 dart slugs
  4 bats (D:1)
  2 endoplasms (D:1)
  4 goblins (D:1)
  3 hobgoblins (D:1)
  4 kobolds (D:1)
  2 quokkas (D:1)
  4 ball pythons (D:1)
  5 frilled lizards (D:1)
  4 rats (D:1)
34 creatures vanquished.

Notes
Turn   | Place    | Note
-------+----------+-------------------------------------------
     0 | D:1      | fireball365 the Hill Orc Fighter began the quest for the
                  | Orb.
     0 | D:1      | Reached XP level 1. HP: 19/19 MP: 1/1
    78 | D:1      | Reached XP level 2. HP: 27/27 MP: 2/2
   154 | D:1      | Found Gater's Weapon Boutique.
   259 | D:1      | Reached XP level 3. HP: 33/33 MP: 3/3
   475 | D:1      | Reached skill level 4 in Fighting
   668 | D:2      | You fall into a shaft and drop 2 floors!
   678 | D:4      | Found a runed translucent gate.
   678 | D:4      | Noticed BadtimePacifist's ghost (amateur MiGl)
   681 | D:4      | Found a runed translucent gate.
   685 | D:4      | Found a runed translucent gate.
   708 | D:4      | Noticed Dowan
   709 | D:4      | Noticed Duvessa
   721 | D:4      | Killed from afar by Dowan

Illustrated notes

Levels and vault maps discovered:
D:1:      amcnicky_arrival_flooded_fountain, layout_basic, serial_shops, shop,
          nrook_campfire, minmay_box_of_dots
D:2:      layout_basic, hellmonk_ecumenical_altar_inner_sanctum, st_stairs_6,
          roderic_malta_cross, uniq_robin
D:4:      layout_cave_pools, biasface_ghost_orc_armoury, uniq_duvessa,
          uniq_eustachio, uniq_natasha

Skill      XL: |  1  2  3 |
---------------+----------+-----
Axes           | 3 |  3.6
Fighting       | 4 |  4.0
Armour         | |  3.8
Shields        | |  3.6

Action                     || total
---------------------------++-------
  Melee: War axe           ||    89
    Use: Scroll            ||     2
 Armour: Scale mail        ||    69
  Dodge: Dodged            ||    58
  Block: Buckler           ||    29
